 Dungeon Crawl Stone Soup version 0.31-a0-188-g5e087ee2ca (webtiles) character file.

Game seed: 2118850346451294383

36 qw the Shooter (level 3, -1/20 HPs)
             Began as a Deep Elf Hunter on June 23, 2023.
             Slain by an adder (2 damage)
             ... on level 2 of the Dungeon.
             The game lasted 00:00:16 (695 turns).

qw the Shooter (Deep Elf Hunter)                     Turns: 695, Time: 00:00:17

Health: -1/20      AC:  3    Str: 10    XL:     3   Next: 19%
Magic:  5/5        EV: 12    Int: 13    God:
Gold:   36         SH:  0    Dex: 18    Spells: 2/2 levels left

rFire   . . .        Y - +0 shortbow
rCold   . . .        (shield currently unavailable)
rNeg    . . .        c - +0 leather armour
rPois   .            (no helmet)
rElec   .            (no cloak)
rCorr   .            (no gloves)
SInv    .            (no boots)
Will    .....        (no amulet)
Stlth   ++           (no ring)
HPRegen 0.23/turn    (no ring)
MPRegen 0.09/turn

%: no passive effects
@: lethally poisoned (-1 -> -3), about to teleport
A: no striking features
a: no special abilities


You were on level 2 of the Dungeon.
You visited 1 branch of the dungeon, and saw 2 of its levels.

You collected 36 gold pieces.


   Skills:
 - Level 1.5 Fighting
 + Level 6.8 Ranged Weapons
 - Level 2.4 Dodging
 - Level 1.2 Stealth


You had 2 spell levels left.
You didn't know any spells.
Your spell library was empty.

Inventory:

Hand Weapons
 Y - a +0 shortbow (weapon)
Armour
 c - a +0 leather armour (worn)

Dungeon Overview and Level Annotations

Branches:
Dungeon (2/15)

Altars:
Makhleb


Message History

Found 10 gold pieces.
The ball python hisses angrily.
You hear an angry hiss.
An adder comes into view.
You shoot an arrow. The arrow hits the ball python.
You kill the ball python!
A goblin comes into view. It is wielding a +0 dagger.
You shoot an arrow. The goblin shouts!
The arrow hits the adder but does no damage.
You shoot an arrow. The arrow closely misses the adder.
You shoot an arrow. The arrow closely misses the adder.
You shoot an arrow.
The arrow hits the adder but does no damage.
The adder bites you.
You are poisoned.
The adder poisons you!
You shoot an arrow. The arrow closely misses the adder.
You feel sick. The adder bites you but does no damage.
You shoot an arrow. The arrow barely misses the adder.
You feel sick. The adder bites you. The goblin hits you but does no damage.
The adder misses you.
You shoot an arrow. The arrow barely misses the adder.
You feel sick.
You are no longer poisoned.
The adder bites you.
You are poisoned.
The adder poisons you! The goblin hits you with a +0 dagger.
You shoot an arrow.
The arrow hits the adder but does no damage.
You feel sick. The adder bites you but does no damage.
The goblin hits you with a +0 dagger. The adder barely misses you.
You shoot an arrow. The arrow hits the adder.
The adder is moderately wounded.
You feel sick. The goblin hits you with a +0 dagger.
The adder barely misses you.
695 ||| READING scroll of teleportation.
As you read the scroll of teleportation, it crumbles to dust.
You feel strangely unstable.
You feel sick. The adder bites you.
You die...

.. ....$.... ...#
#........
#.#.#.#.........
#.#.##.#.#?.....
#.#.#...........
###.#.#..........#
.>.#.#....S...#
#%.###.@g$.###
######<.............
#.................##
#
#.####.###.#.####...
#.##.####.###.#.###
##
#.............#...
####.####.......##
###.####.##....#
#.....##.##...##


You could see an adder and a goblin.

Vanquished Creatures
  2 dart slugs (D:1)
  4 ball pythons
  4 endoplasms (D:1)
  2 goblins (D:1)
  4 hobgoblins
  4 jackals (D:2)
  A bat (D:1)
  2 frilled lizards (D:1)
  4 kobolds (D:1)
  3 rats (D:1)
30 creatures vanquished.

Notes
Turn   | Place    | Note
-------+----------+-------------------------------------------
     0 | D:1      | qw the Deep Elf Hunter began the quest for the Orb.
     0 | D:1      | Reached XP level 1. HP: 12/12 MP: 3/3
     0 | D:1      | 0 ||| qw: Version: 0.3-a-9-g12657ce
     0 | D:1      | 0 ||| qw: Game counter: 4247
     0 | D:1      | 0 ||| qw: Always use a shield: true
     0 | D:1      | 0 ||| qw: God list: Okawaru
     0 | D:1      | 0 ||| qw: Allow faded altars: false
     0 | D:1      | 0 ||| qw: Do Orc after D:15 true
     0 | D:1      | 0 ||| qw: Do second Lair branch before Depths: true
     0 | D:1      | 0 ||| qw: Lair rune preference: random
     0 | D:1      | 0 ||| qw: Plans: Normal
     0 | D:1      | 0 ||| PLANNING D:1-11
   130 | D:1      | Reached XP level 2. HP: 16/16 MP: 4/4
   178 | D:1      | Reached skill level 6 in Ranged Weapons
   600 | D:1      | 600 ||| READING 2 scrolls labelled CUPU GU LUI.
   603 | D:1      | 603 ||| READING scroll labelled UREJAE OHISCH.
   604 | D:1      | 604 ||| DROPPING scroll of butterflies.
   639 | D:2      | Reached XP level 3. HP: 20/20 MP: 5/5
   678 | D:2      | Found a burning altar of Makhleb.
   694 | D:2      | HP: 5/20 [poisoned by an adder]
   694 | D:2      | HP: 2/20 [goblin/+0 dagger (3)]
   695 | D:2      | 695 ||| READING scroll of teleportation.
   695 | D:2      | Slain by an adder

Levels and vault maps discovered:
D:1:      shiori_shiawase, layout_loops_ring, serial_bayou_lagoon_b
D:2:      layout_loops_ring, hellmonk_ecumenical_altar_watching_god, basic_altar

Skill      XL: |  1  2 |
---------------+-------+-----
Ranged Weapons | 6 |  6.8
Fighting       | |  1.5
Dodging        | |  2.4
Stealth        | |  1.2

Action                     || total
---------------------------++-------
   Fire: Shortbow          ||    74
    Use: Scroll            ||     3
 Armour: Leather armour    ||    10
  Dodge: Dodged            ||    16

Table legend:
 A = Non-vault XP
 B = Vault XP
 C = Vault XP percentage of total XP
 D = Non-vault monster count
 E = Vault monster count
 F = Vault count percentage of total count
                 A         B        C        D         E       F
            +---------+---------+-------+---------+---------+-------
      Total |      52 |       0 |   0.0 |      30 |       0 |   0.0
            +---------+---------+-------+---------+---------+-------
        D:1 |      37 |       0 |   0.0 |      22 |       0 |   0.0
        D:2 |      15 |       0 |   0.0 |       8 |       0 |   0.0
            +---------+---------+-------+---------+---------+-------
